 Dungeon Crawl Stone Soup version 0.29.1-1-gd02db6906a (webtiles) character file.

Game seed: 1346135871691627820

2039 GigaChad the Protected (level 9, -3/79 HPs)
             Began as a Minotaur Fighter on Oct 6, 2022.
             Was a Follower of Okawaru.
             Slain by an orc warrior
             ... wielding a +0 battleaxe
              (10 damage)
             ... on level 8 of the Dungeon.
             The game lasted 00:18:16 (8417 turns).

GigaChad the Protected (Minotaur Fighter)           Turns: 8417, Time: 00:18:16

Health: -3/79      AC: 14    Str: 24    XL:     9   Next: 4%
Magic:  8/8        EV: 11    Int: 11    God:    Okawaru [*.....]
Gold:   250        SH:  4    Dex: 11    Spells: 8/8 levels left

rFire   . . .      SeeInvis .   J - +4 long sword (drain)
rCold   . . .      Faith    .   c - +0 buckler
rNeg    . . .      Spirit   .   b - +0 scale mail
rPois   .          Reflect  .   (helmet restricted)
rElec   .          Harm     .   y - +2 cloak {Stlth+}
rCorr   .          Rampage  .   D - +0 pair of gloves
Will    .....                   (no boots)
Stlth   +.........              h - amulet of the acrobat
HPRegen 0.23/turn               F - +6 ring of intelligence
MPRegen 0.11/turn               (no ring)

@: no status effects
A: horns 2, retaliatory headbutt
a: Renounce Religion, Heroism


You were on level 8 of the Dungeon.
You worshipped Okawaru.
Okawaru was aware of your devotion.
You visited 2 branches of the dungeon, and saw 9 of its levels.

You collected 481 gold pieces.
You spent 231 gold pieces at shops.

Inventory:

Hand Weapons
 a - a +0 long sword of freezing
 s - a +0 whip of pain
 J - a +4 long sword of draining (weapon)
Missiles
 C - 9 poisoned darts (quivered)
Armour
 b - a +0 scale mail (worn)
 c - a +0 buckler (worn)
 i - the +1 helmet of the Blacksmith {Rampage rPois Str-4}
   (You found it on level 7 of the Dungeon)

   Str:       It affects your strength (-4).
   rPois:     It protects you from poison.
   Rampage:   It bestows one free step when moving towards enemies.
 w - a +0 cloak
 y - a +2 cloak of stealth (worn)
 A - the +3 ring mail of Irksome Wonder {Fly rElec MP-9 SInv}
   (You found it on level 5 of the Dungeon)

   rElec:     It insulates you from electricity.
   MP:        It affects your magic capacity (-9).
   SInv:      It lets you see invisible.
   Fly:       It grants you flight.
 D - a +0 pair of gloves (worn)
 E - an orb of light
Magical Staves
 k - a staff of cold
Jewellery
 h - an amulet of the acrobat (around neck)
 m - a ring of positive energy
 u - an amulet of faith
 F - a +6 ring of intelligence (left hand)
Wands
 x - a wand of mindburst (13)
Scrolls
 e - 3 scrolls of poison
 f - 9 scrolls of teleportation
 l - 2 scrolls of identify
 n - a scroll of noise
 p - a scroll of enchant armour
 B - a scroll of blinking {unknown}
 I - a scroll of silence {unknown}
 K - a scroll of acquirement {unknown}
 L - a scroll of butterflies {unknown}
Potions
 d - a potion of might
 g - 4 potions of curing {unknown}
 j - 4 potions of brilliance {unknown}
 o - a potion of berserk rage {unknown}
 q - 2 potions of degeneration {unknown}
 r - 2 potions of heal wounds {unknown}
 t - a potion of haste {unknown}
 v - 4 potions of mutation {unknown}
 z - 2 potions of resistance {unknown}
 G - a potion of magic {unknown}
 H - a potion of flight {unknown}
 M - a potion of attraction {unknown}


   Skills:
 - Level 7.6 Fighting
 - Level 2.6 Long Blades
 + Level 11.0 Armour
 + Level 5.8 Dodging
 - Level 4.0 Shields


You had 8 spell levels left.
You didn't know any spells.
Your spell library contained the following spells:

 Spells                   Type           Power      Damage    Failure   Level
 Sandblast                Erth           0%         2d4       67%         1
 Passwall                 Tmut/Erth      0%         N/A       82%         2
 Portal Projectile        Hex/Tloc       0%         N/A       96%         3
 Stone Arrow              Conj/Erth      0%         3d7       96%         3
 Leda's Liquefaction      Hex/Erth       0%         N/A       100%        4
 Call Canine Familiar     Summ           Unusable   N/A       N/A         3

Dungeon Overview and Level Annotations

Branches:
Dungeon (7/15)             Temple (1/1) D:6

Altars:
Cheibriados
Dithmenos
Elyvilon
Fedhas
Gozag
Hepliaklqana
Kikubaaqudgha
Makhleb
Nemelex Xobeh
Okawaru
Qazlal
Ru
Sif Muna
Trog
Uskayaw
Wu Jian
Xom
Yredelemnul
Zin
The Shining One

Shops:
D:4 [   D:8 (

Portals:
Abyss: D:5

Annotations:
D:4 2 transporters, FastidiousMonk's ghost, amateur TrFi
D:5 2 transporters, TheSexyCheese's ghost, novice TrBe


Innate Abilities, Weirdness & Mutations

You have a pair of horns on your head.
You reflexively headbutt those who attack you in melee.


Message History

You slash the orc!
You kill the orc!
Okawaru accepts your kill.
You hit the orc warrior but do no damage.
The orc hits you but does no damage. The orc warrior barely misses you.
You closely miss the orc warrior. You block the orc's attack.
You block the orc warrior's attack.
The orc priest mumbles some strange prayers to Beogh against you.
Beogh smites you!
You hit the orc warrior but do no damage.
You drain the orc warrior. Your headbutt misses the orc warrior.
The orc warrior is lightly wounded.
The orc closely misses you.
You hit the orc. You headbutt the orc.
You kill the orc!
Okawaru accepts your kill.
The orc warrior hits you with a +0 battleaxe!
Your Armour skill increases to level 11!
You slash the orc priest! You drain the orc priest.
You kill the orc priest!
Okawaru accepts your kill.
You can now gain great but temporary skills.
The orc warrior hits you with a +0 battleaxe.
* * * LOW HITPOINT WARNING * * *
The orc warrior hits you with a +0 battleaxe.
* * * LOW HITPOINT WARNING * * *
Items here: )))) ††.
You barely miss the orc warrior.
The orc warrior is lightly wounded.
The orc warrior hits you with a +0 battleaxe!
* * * LOW HITPOINT WARNING * * *
The orc warrior hits you but does no damage.
You hit the orc warrior but do no damage.
You drain the orc warrior. Your headbutt misses the orc warrior.
The orc warrior is moderately wounded.
The orc warrior closely misses you.
You barely miss the orc warrior. You headbutt the orc warrior.
The orc warrior is moderately wounded.
The orc warrior hits you with a +0 battleaxe!
You die...

#. .......... #.
......... ..
......... .
...........# ## #8
#..........#
#..#.####..$..$....#
#.8<∩.8.#..........#
#....o@.........#
#8.###..........#
#.. #.$........# ###
#..........#
############


You could see an orc warrior (very drained).

Vanquished Creatures
  Grinder (D:6)
  Edmund (D:6)
  2 water moccasins
  An ice beast (D:7)
  A sky beast (D:7)
  A black bear (D:6)
  A kobold brigand (D:7)
  A phantom (D:5)
  Blork the orc (D:4)
  5 scorpions
  4 wights (D:6)
  3 hounds (D:5)
  A gnoll bouda (D:4)
  5 orc priests
  3 iguanas
  2 orc wizards
  3 gnolls (D:4)
  5 adders
  A white imp (D:7)
  A worm (D:2)
  A dart slug (D:2)
  7 orcs
  3 endoplasms
  4 giant cockroaches
  6 goblins
  12 hobgoblins
  6 jackals
  5 quokkas
  6 ball pythons
  2 bats (D:1)
  2 frilled lizards
  11 kobolds
  4 rats
112 creatures vanquished.

Vanquished Creatures (others)
  7 plants (D:4)
7 creatures vanquished.

Grand Total: 119 creatures vanquished

Notes
Turn   | Place    | Note
-------+----------+-------------------------------------------
     0 | D:1      | GigaChad the Minotaur Fighter began the quest for the Orb.
     0 | D:1      | Reached XP level 1. HP: 19/19 MP: 0/0
   161 | D:1      | Found a faded altar of an unknown god.
   172 | D:1      | Reached XP level 2. HP: 26/27 MP: 1/1
   193 | D:1      | Reached skill level 4 in Armour
   831 | D:1      | Reached XP level 3. HP: 27/33 MP: 2/2
  1983 | D:3      | Reached skill level 5 in Fighting
  2235 | D:3      | Reached XP level 4. HP: 42/42 MP: 3/3
  2845 | D:4      | Noticed Blork the orc
  2845 | D:4      | Found Uwyv's Armour Boutique.
  2868 | D:4      | Killed Blork the orc
  2869 | D:4      | Reached XP level 5. HP: 9/50 MP: 4/4
  3330 | D:4      | Found a snail-covered altar of Cheibriados.
  3331 | D:4      | Found a sacrificial altar of Ru.
  3617 | D:4      | Reached XP level 6. HP: 42/60 MP: 5/5
  3867 | D:4      | Found a transporter.
  3877 | D:4      | Found a transporter.
  4226 | D:4      | Found a transporter.
  4296 | D:4      | Found a transporter.
  4337 | D:4      | Reached skill level 1 in Dodging
  4445 | D:4      | Bought a +1 cloak of stealth for 231 gold pieces
  4536 | D:4      | Noticed FastidiousMonk's ghost (amateur TrFi)
  4735 | D:5      | Entered Level 5 of the Dungeon
  4741 | D:5      | Identified the +3 ring mail of Irksome Wonder {Fly rElec
                  | MP-9 SInv}
  4747 | D:5      | Found a transporter.
  4754 | D:5      | Found a transporter.
  4830 | D:5      | Noticed TheSexyCheese's ghost (novice TrBe)
  4834 | D:5      | Found a one-way gate to the infinite horrors of the Abyss.
  4834 | D:5      | Noticed a small abomination
  4941 | D:5      | Reached skill level 5 in Armour
  5123 | D:5      | Reached XP level 7. HP: 46/66 MP: 6/6
  5137 | D:5      | Reached skill level 6 in Armour
  5557 | D:5      | Reached skill level 7 in Armour
  5672 | D:6      | Noticed Edmund
  5684 | D:6      | Killed Edmund
  5686 | D:6      | Found a staircase to the Ecumenical Temple.
  5821 | Temple   | Entered the Ecumenical Temple
  6227 | D:6      | Noticed Grinder
  6234 | D:6      | Paralysed by Grinder for 5 turns
  6244 | D:6      | Paralysed by Grinder for 4 turns
  6249 | D:6      | Killed Grinder
  6250 | D:6      | Reached skill level 8 in Armour
  6250 | D:6      | Reached XP level 8. HP: 61/73 MP: 7/7
  6604 | D:6      | Reached skill level 9 in Armour
  7353 | Temple   | Became a worshipper of Warmaster Okawaru
  7419 | D:7      | Reached skill level 5 in Dodging
  7436 | D:7      | Reached skill level 10 in Armour
  7953 | D:7      | Identified the +1 helmet of the Blacksmith {Rampage rPois
                  | Str-4}
  7975 | D:7      | Found a shadowy altar of Dithmenos.
  8317 | D:7      | Reached XP level 9. HP: 79/79 MP: 8/8
  8387 | D:7      | You fall into a shaft and drop 1 floor!
  8396 | D:8      | Found Goatzeka's Weapon Shop.
  8412 | D:8      | Reached skill level 11 in Armour
  8412 | D:8      | Reached * piety under Okawaru
  8417 | D:8      | Slain by an orc warrior

Illustrated notes

Levels and vault maps discovered:
D:1:      psy_arrival_spokes, layout_loops_corners,
          dreamdust_ecumenical_altar_grove, minivault_19
D:2:      layout_loops_ring, uniq_crazy_yiuf_cottage
D:3:      layout_rooms, grunt_decor_mini_mirrors
D:4:      gammafunk_wand_slinger, layout_basic, grunt_temple_overflow_open,
          serial_shops, shop_coins, gammafunk_ghost_gnarly_gnolls,
          uniq_blork_the_orc
D:5:      layout_rooms, gammafunk_ghost_abyssal_escape
D:6:      layout_basic, minmay_temple_entry_trees, solitary_fountain,
          uniq_edmund, uniq_grinder
D:7:      layout_rooms, nicolae_dithmenos_through_a_glass_darkly
D:8:      layout_basic, serial_shops, nicolae_shop_statue_plus, enter_bailey_2
Temple:   bh_familiar_temple

Skill      XL: |  1  2  3  4  5  6  7  8  9 |
---------------+----------------------------+-----
Armour         | 4 5 8 10 11 | 11.0
Fighting       | 4 5 6 7 |  7.6
Shields        | 4 |  4.0
Dodging        | 2 4 5 |  5.8
Long Blades    | |  2.6

Action                   |  1- 3 |  4- 6 |  7- 9 || total
-------------------------+-------+-------+-------++-------
Melee: Long sword        |   127 |   108 |   120 ||   355
       Headbutt          |     9 |    17 |    29 ||    55
  Use: Scroll            |     2 |       |     6 ||     8
Armor: Scale mail        |    45 |    43 |    57 ||   145
Dodge: Dodged            |    95 |    78 |    75 ||   248
Block: Buckler           |    44 |    28 |    28 ||   100
